 Dungeon Crawl Stone Soup version 0.21-a0-72-gbbb65ab (webtiles) character file.

77 Kidiri the Insei (level 4, -2/33 HPs)
             Began as a Demonspawn Transmuter on June 20, 2017.
             Slain by a gnoll
             ... wielding a +0 spear
              (8 damage)
             ... on level 2 of the Dungeon.
             The game lasted 00:06:32 (2456 turns).

Kidiri the Insei (Demonspawn Transmuter)            Turns: 2456, Time: 00:06:33

Health: -2/33      AC:  4    Str: 12    XL:     4   Next: 13%
Magic:  6/8        EV: 12    Int: 14    God:
Gold:   91         SH:  0    Dex: 13    Spells: 4/8 levels left

rFire    . . .     SeeInvis .     - Unarmed
rCold    . . .     Gourm    +   (no shield)
rNeg     . . .     Faith    .   b - +0 robe
rPois    .         Spirit   .   (no helmet)
rElec    .         Reflect  .   (no cloak)
rCorr    .         Harm     .   (no gloves)
MR       .....                  (no boots)
Stlth    +.........             i - amulet of the gourmand
HPRegen  0.11/turn              (no ring)
MPRegen  0.11/turn              (no ring)

@: appendage (expiring)
A: hooves 1, horns 2, iridescent scales 1
a: End Transformation


You were on level 2 of the Dungeon.
You were very full.
You had grown temporary horns.
You visited 1 branch of the dungeon, and saw 2 of its levels.

You collected 91 gold pieces.

Inventory:

Missiles
 a - 21 arrows
Armour
 b - a +0 robe (worn)
Jewellery
 i - an amulet of the gourmand (around neck)
Scrolls
 e - a scroll of teleportation
 g - a scroll of remove curse
 l - 3 scrolls of enchant weapon {unknown}
Potions
 j - 3 potions of curing {unknown}
 k - a potion of cancellation
 n - 2 potions of berserk rage {unknown}
Books
 c - a book of Changes

   Spells                             Type                      Level
   a - Beastly Appendage              Transmutation                1
   b - Sticks to Snakes               Transmutation                2
   c - Spider Form                    Transmutation/Poison         3
   d - Ice Form                       Ice/Transmutation            4
   e - Blade Hands                    Transmutation                5
Comestibles
 d - a bread ration
 h - a meat ration
 m - 4 fruits


   Skills:
 * Level 1.7 Fighting
 + Level 0.3 Armour
 * Level 2.1 Dodging
 + Level 0.8 Stealth
 * Level 3.1 Unarmed Combat
 * Level 2.7 Spellcasting
 * Level 2.2 Transmutations
 + Level 0.0 Poison Magic


You had 4 spell levels left.
You knew the following spells:

 Your Spells              Type           Power        Failure   Level  Hunger
a - Beastly Appendage     Tmut           #.....       9%          1    #......
b - Spider Form           Tmut/Pois      #.........   38%         3    ###....


Dungeon Overview and Level Annotations

Branches:
Dungeon (2/15)

Altars:
Elyvilon
Qazlal
Sif Muna
Xom


Innate Abilities, Weirdness & Mutations

You have large cloven feet.
You are partially covered in iridescent scales. (AC +2)
You have a pair of horns on your head.


Message History

You barely miss the gnoll.
The gnoll is heavily wounded.
The gnoll misses you.
You hit the gnoll.
You headbutt the gnoll, but do no damage.
The gnoll is heavily wounded.
You closely miss the gnoll.
The gnoll is heavily wounded.
The gnoll hits you with a spear.
* * * LOW HITPOINT WARNING * * *
You barely miss the gnoll. Your kick misses the gnoll.
The gnoll is heavily wounded.
Your transformation is almost over.
The gnoll hits you with a spear.
* * * LOW HITPOINT WARNING * * *
Unknown command.
You hit the gnoll. Your kick misses the gnoll. Your headbutt misses the gnoll.
The gnoll is severely wounded.
The gnoll hits you with a spear!
You die...

...########## #.#
............####.#####
.....######.##.......#
......#####..#.#.###.#
.....................#
#########
#...#.............#..#
#........
...#########.#.#..#..#
#.#######
#..#########.........# #.#
#............#.)@g...# #.#
.^.#########.###..#..# #.#
#..# #.# #..#..# ##.## #..#
#.# #..#..###...###### #..#
#.###..#.............g
#..##
#####..##..#)####...######
#...####..........#.# ##.##
...........#.....>..#####.#
##
###.####...#..###......##.#
#_


You could see a gnoll.

Vanquished Creatures
  3 gnolls (D:2)
  An adder (D:2)
  A dart slug (D:1)
  A ball python (D:1)
  6 bats
  2 giant cockroaches (D:1)
  6 goblins
  4 hobgoblins
  5 kobolds
  3 frilled lizards
  5 rats
37 creatures vanquished.

Notes
Turn   | Place    | Note
-------+----------+-------------------------------------------
     0 | D:1      | Kidiri the Demonspawn Transmuter began the quest for the Orb.
     0 | D:1      | Reached XP level 1. HP: 15/15 MP: 3/3
   309 | D:1      | Gained mutation: You are partially covered in iridescent scales. (AC +2) [demonic ancestry]
   309 | D:1      | Reached XP level 2. HP: 21/21 MP: 3/5
   994 | D:2      | Lost mutation: You have claws for feet. [demonic ancestry]
   994 | D:2      | Lost mutation: You have razor-sharp toenails. [demonic ancestry]
   994 | D:2      | Lost mutation: You have sharp toenails. [demonic ancestry]
   994 | D:2      | Gained mutation: You have large cloven feet. [demonic ancestry]
   994 | D:2      | Reached XP level 3. HP: 26/26 MP: 6/6
  1044 | D:2      | Learned a level 3 spell: Spider Form
  1789 | D:2      | Reached skill level 3 in Unarmed Combat
  1897 | D:2      | Found a shimmering altar of Xom.
  2032 | D:2      | Found a stormy altar of Qazlal.
  2234 | D:2      | Found a deep blue altar of Sif Muna.
  2234 | D:2      | Found a white marble altar of Elyvilon.
  2444 | D:2      | Reached XP level 4. HP: 21/33 MP: 6/8
  2456 | D:2      | Slain by a gnoll

Vault maps used:
D:1:      saegor_arrival_simple_a
D:2:      xom_teletrap_fun, gammafunk_temple_overflow_elements,
          nicolae_qazlal_eye_of_the_storm

Skill      XL: |  1  2  3 |
---------------+----------+-----
Transmutations | 2 |  2.2
Dodging        | 2 |  2.1
Unarmed Combat | 3 |  3.1
Fighting       | |  1.7
Armour         | |  0.3
Stealth        | |  0.8
Spellcasting   | |  2.7

Action                   |  1- 3 |  4- 6 || total
-------------------------+-------+-------++-------
Melee: Unarmed           |   141 |     8 ||   149
       Kick              |    13 |     1 ||    14
       Headbutt          |     6 |     1 ||     7
 Cast: Beastly Appendage |    14 |     1 ||    15
       Spider Form       |     2 |       ||     2
  Use: Scroll            |     5 |       ||     5
 Stab: Sleeping          |     2 |       ||     2
  Eat: Chunk             |    19 |       ||    19
Armor: Robe              |    54 |       ||    54
Dodge: Dodged            |   102 |     4 ||   106
